 Dungeon Crawl Stone Soup version 0.27.0 (webtiles) character file.

Game seed: 12201019972959331375

31 deadmanwalking the Magician (level 3, -3/19 HPs)
             Began as a Deep Elf Hedge Wizard on July 31, 2021.
             Killed from afar by Terence (8 damage)
             ... with a puff of flame
             ... on level 2 of the Dungeon.
             The game lasted 00:03:50 (1805 turns).

deadmanwalking the Magician (Deep Elf Hedge Wizard) Turns: 1805, Time: 00:03:50

Health: -3/19      AC:  2    Str:  7    XL:     3   Next: 7%
Magic:  0/11       EV: 12    Int: 19    God:
Gold:   54         SH:  0    Dex: 16    Spells: 2/12 levels left

rFire    . . .     SeeInvis .   a - +2 dagger (protect)
rCold    . . .     Faith    .   (no shield)
rNeg     . . .     Spirit   .   b - +0 robe
rPois    .         Reflect  .   c - +0 hat
rElec    +         Harm     .   (no cloak)
rCorr    .         Rampage  .   (no gloves)
Will     .....     Rnd*Rage +   (no boots)
Stlth    ++........             (no amulet)
HPRegen  0.06/turn              (no ring)
MPRegen  0.12/turn              (no ring)

@: very slightly contaminated
A: agile 1, berserk 1, electricity resistance
a: no special abilities


You were on level 2 of the Dungeon.
You visited 1 branch of the dungeon, and saw 2 of its levels.

You collected 54 gold pieces.

Inventory:

Hand Weapons
 a - a +2 dagger of protection (weapon)
Missiles
 f - 38 stones
Armour
 b - a +0 robe (worn)
 c - a +0 hat (worn)


   Skills:
 - Level 2.4 Dodging
 - Level 2.4 Stealth
 + Level 5.1 Spellcasting
 + Level 2.2 Conjurations
 + Level 1.8 Summonings
 - Level 1.1 Translocations
 + Level 0.0 Fire Magic


You had 2 spell levels left.
You knew the following spells:

 Your Spells              Type           Power      Damage    Failure   Level
a - Magic Dart            Conj           52%        1d5       4%          1
b - Blink                 Tloc           N/A        N/A       12%         2
c - Call Imp              Summ           11%        N/A       9%          2
d - Slow                  Hex            4%         N/A       19%         2
e - Conjure Flame         Conj/Fire      9%         6-21      24%         3

Your spell library contained the following spells:

 Spells                   Type           Power      Damage    Failure   Level
 Mephitic Cloud           Conj/Pois/Air  7%         N/A       26%         3


Dungeon Overview and Level Annotations

Branches:
Dungeon (2/15)

Altars:

Annotations:
D:2 Terence


Innate Abilities, Weirdness & Mutations

You are agile. (Dex +2)
You tend to lose your temper in combat.
You are resistant to electric shocks. (rElec)


Message History

Terence the Incautious comes into view.
He is wielding a +0 vorpal mace and carrying a wand of flame (19).
Casting: Magic Dart (safe; 4% risk of failure)
Confirm with . or Enter, or press ? or * to list all spells.
A beastly little devil appears in a puff of flame.
Terence zaps a wand.
The puff of flame hits your shadow imp!
Terence zaps a wand.
The puff of flame hits your shadow imp!
Your shadow imp dies!
Casting: Call Imp (safe; 9% risk of failure)
Confirm with . or Enter, or press ? or * to list all spells.
A beastly little devil appears in a puff of flame.
Your crimson imp blinks!
You aren't carrying any items that you can evoke.
Unknown command.
You aren't carrying any items that you can evoke.
Your crimson imp blinks!
Casting: Call Imp (safe; 9% risk of failure)
Confirm with . or Enter, or press ? or * to list all spells.
You miscast Call Imp.
You are very lightly contaminated with residual magic.
Nothing appears to happen.
Terence zaps a wand.
The puff of flame hits you.
Casting: Call Imp (safe; 9% risk of failure)
Confirm with . or Enter, or press ? or * to list all spells.
A beastly little devil appears in a puff of flame.
Your crimson imp barely misses Terence.
Your crimson imp closely misses Terence.
Terence zaps a wand.
The puff of flame hits you!
* * * LOW HITPOINT WARNING * * *
It was a potion of mutation.
You feel extremely strange.
You feel agile.
You feel a little pissed off.
You feel insulated.
Your crimson imp barely misses Terence.
Your crimson imp hits Terence but does no damage.
You aren't carrying any potions.
You aren't carrying any scrolls.
Casting: Call Imp (safe; 9% risk of failure)
Confirm with . or Enter, or press ? or * to list all spells.
A beastly little devil appears in a puff of flame.
Your crimson imp hits Terence.
Your crimson imp barely misses Terence.
Terence zaps a wand.
The puff of flame hits you!
You die...

........# #........
........# ###........
......... ........†..
...[...$########........
........#.....##........
........#.###.##........
......5...........####.#
......55..........####.#
..#..5@@..........#..#.#
. #.#.............#..#.#
#........####.#.#....#
#.######.# #.#.##...# #.
#.# #.#....... #
#.####.#.....#.
#.#....#.#.....
#.#......#.#.#.
########.#.#.


You could see Terence (ally target) and 4 friendly crimson imps.

Vanquished Creatures
  3 endoplasms
  5 giant cockroaches
  3 goblins (D:1)
  2 hobgoblins
  2 quokkas (D:2)
  2 ball pythons (D:2)
  2 bats
  A frilled lizard (D:2)
  A kobold (D:1)
  5 rats (D:1)
26 creatures vanquished.

Vanquished Creatures (collateral kills)
  A hobgoblin (D:1)
  A frilled lizard (D:1)
2 creatures vanquished.

Grand Total: 28 creatures vanquished

Notes
Turn   | Place    | Note
-------+----------+-------------------------------------------
     0 | D:1      | deadmanwalking the Deep Elf Hedge Wizard began the quest
                  | for the Orb.
     0 | D:1      | Reached XP level 1. HP: 10/10 MP: 7/7
   419 | D:1      | Reached XP level 2. HP: 15/15 MP: 6/9
   422 | D:1      | Learned a level 2 spell: Blink
   425 | D:1      | Learned a level 2 spell: Call Imp
   428 | D:1      | Learned a level 2 spell: Slow
  1190 | D:1      | Found a faded altar of an unknown god.
  1412 | D:2      | Reached skill level 5 in Spellcasting
  1700 | D:2      | Reached XP level 3. HP: 19/19 MP: 8/11
  1704 | D:2      | Learned a level 3 spell: Conjure Flame
  1793 | D:2      | Noticed Terence
  1804 | D:2      | Gained mutation: You are agile. (Dex +2) [potion of
                  | mutation]
  1804 | D:2      | Gained mutation: You tend to lose your temper in combat.
                  | [potion of mutation]
  1804 | D:2      | Gained mutation: You are resistant to electric shocks.
                  | (rElec) [potion of mutation]
  1805 | D:2      | Killed from afar by Terence

Illustrated notes

Levels and vault maps discovered:
D:1:      evilmike_arrival_fibonacci_small, layout_basic,
          shapermc_ecumenical_altar_petra
D:2:      layout_basic, uniq_terence, uniq_crazy_yiuf_cottage

Skill      XL: |  1  2 |
---------------+-------+-----
Conjurations   | 2 |  2.2
Spellcasting   | 5 |  5.1
Dodging        | |  2.4
Stealth        | |  2.4
Summonings     | |  1.8
Translocations | |  1.1

Action                   || total
-------------------------++-------
 Cast: Magic Dart        ||    69
       Call Imp          ||    10
  Use: Scroll            ||     2
       Potion            ||     1
Armor: Robe              ||     1
Dodge: Dodged            ||     6
